Zazza, neutral female human Tourist # ---------- |........-### ------- # ####.........| # |.....+## ### --.--|---- ### |.....| ##* # #% # # |.....-# ## # # *######################### |.....|# ### # ## # # --------# |.....|# ## # # # ###|......|############ -------# ##` # # #-.......####### -.-|- ### ------------ # # |.....<| # |.*.| # |%...f...iib## # -------- ##...{| ###|...i@.f...| -----.------ |.>.| #...........-#########...........| ----- |..........| |..........| |..........| |..........| ---- |........%.| ------------ |..| ------------ |..| ---- Zazza the Sightseer Experience level: 3 Strength: 10 Dexterity: 11 Constitution: 18 Intelligence: 13 Wisdom: 7 Charisma: 18 Health: 0(30) Energy: 8(8) Def: 3 Gold: 0 Moves: 5377 Dungeon seed: dt4n8WHW4Ua2ak5j Game ID: Zazza_1599317977 Your Inventory: Amulets t - an uncursed amulet of ESP (being worn) Weapons a - 32 +2 darts G - 2 +0 daggers (wielded) Armor e - an uncursed +0 dwarvish cloak (being worn) q - an uncursed +0 pair of iron shoes (being worn) r - an uncursed +0 orcish helm (being worn) Comestibles b - 2 uncursed tripe rations d - an uncursed sprig of wolfsbane C - 2 uncursed slime molds I - an uncursed cram ration P - 2 uncursed food rations Scrolls k - a blessed scroll of magic mapping L - 2 uncursed scrolls of blank paper X - an uncursed scroll of magic mapping Tools m - an expensive camera (0:63) n - an uncursed credit card Spells and supernatural/magical abilities: Name Level Category Fail Memory W - pray for help -- divine ? -- Your skills at the end: Fighting Skills Weapon Skills dart [Basic] Spellcasting Skills Final Attributes: You were nominally aligned. You were telepathic. You were a werejackal. You are dead. Vanquished creatures: 2 small mimics a rock mole a pony a gnome lord a gray ooze a paper golem 6 giant ants a little dog a floating eye a kitten a dwarf a homunculus 2 kobold lords a rabid rat 3 orc zombies a werejackal an iguana 6 killer bees 2 acid blobs 2 hobbits 9 manes a large kobold 4 giant rats a brown mold 2 yellow molds a green mold 5 garter snakes 4 geckos 7 jackals a fox a kobold 2 goblins 2 sewer rats 13 grid bugs 3 lichens 2 kobold zombies 5 newts 99 creatures vanquished. Voluntary challenges: You had followed a strict vegetarian diet until turn 2537. You had been an atheist until turn 3490. You used a wielded weapon 9 times, starting on turn 2493. You read items or engraved 17 times, starting on turn 185. You never genocided any monsters. You never polymorphed an object. You never changed form. You used no wishes. You never split a pudding. You wrote Elbereth's name 9 times, starting on turn 1496. You never violated your personal moral code. Dungeon overview: The Dungeons of Doom: levels 1 to 7 Level 1 a long staircase Level 2 a long staircase Level 3 Level 4 a delicatessen Level 5 a general store Level 6 <- You were here an altar to The Lady, a fountain Level 7 an altar to Blind Io, a fountain History has recorded: On T:1 you entered the Dungeons of Doom to retrieve the Amulet of Yendor! On T:323 you reached level 2 of The Dungeons of Doom. On T:915 you reached level 3 of The Dungeons of Doom. On T:1447 you reached level 4 of The Dungeons of Doom. On T:1892 you reached level 5 of The Dungeons of Doom. On T:2535 you advanced to experience level 2. On T:2748 you advanced to experience level 3. On T:3663 you reached level 6 of The Dungeons of Doom. On T:4796 you reached level 7 of The Dungeons of Doom. Score breakdown: Gold: 0 ( 0 points) Experience: 3 levels ( 7878 points) Exploration: 7 levels ( 14.29%) (10606 points) Discoveries: 3 items ( 1.01%) ( 3010 points) Valuables value: (no points given unless you survive) Artifact value: 0 ( 0 points) Variety of kills: 37 monsters ( 9.71%) ( 9348 points) Turncount: 5377 turns (-1462 points) Survival: died (score multiplied by 80%) Total score: 23504 Latest messages: The jackal is killed! M - a jackal corpse. The werejackal bites! You feel feverish. Armand bites the werejackal. The werejackal misses Armand. Armand bites the werejackal. The werejackal is killed! The manes hits! The manes just misses! The manes misses. Your sacrifice is consumed in a burst of flame! You miss the manes. You hit the manes. You miss the manes. The manes misses. The manes hits! The manes just misses! You begin praying to The Lady. You are surrounded by a shimmering light. You feel that The Lady is satisfied. The manes hits! (2x) The manes bites! You die... Final status: Aloha Zazza the Tourist, killed by a manes... You died in The Dungeons of Doom on dungeon level 6 with 23504 points, and 0 pieces of gold, after 5377 moves. You were level 3 with a maximum of 30 hit points when you died.